Map: 자가나타 - 래더

Players

아르타니스 - Winner!

  • Race: Protoss Protoss
  • League: Platinum
  • Spawn Location: 7:00

backgh

  • Race: Protoss Protoss
  • League: Gold
  • Spawn Location: 1:00

VOD

Have the link to the VOD?

Description

1 Robotic , 4 gates timing attack

Time

  • Played on: Jan. 25, 2021, 10:18 p.m.
  • Length: 10:55
Show
View Real Time Build Order
Export as new Build Order

아르타니스 Protoss - Winner!

Build Orders:  

Get SALT Encoding   

  12  0:00  Probe  
  13  0:12  Probe  
  14  0:18  Pylon  
  14  0:24  Probe (Chrono Boost)  
  15  0:37  Probe (Chrono Boost)  
  15  0:40  Gateway  
  16  0:44  Probe (Chrono Boost)  
  17  0:57  Gateway  
  17  1:01  Assimilator  
  17  1:03  Probe  
  18  1:10  Assimilator  
  18  1:15  Probe  
  19  1:36  Cybernetics Core  
  20  1:40  Probe  
  20  1:52  Probe  
  21  1:59  Pylon  
  21  2:05  Probe  
  22  2:13  Warp Gate  
  22  2:16  Adept (Chrono Boost)  
  22  2:19  Adept (Chrono Boost)  
  26  2:36  Nexus  
  26  2:38  Pylon  
  26  2:50  Probe  
  27  3:05  Robotics Facility  
  27  3:10  Probe  
  26  3:47  Probe  
  25  3:54  Shield Battery, Immortal (Chrono Boost)  
  25  3:59  Probe  
  25  4:02  Probe, Shield Battery  
  31  4:06  Stalker x2  
  35  4:13  Probe  
  35  4:14  Probe  
  37  4:27  Stargate  
  37  4:29  Observer  
  38  4:32  Stalker, Sentry  
  38  4:34  Probe  
  38  4:35  Probe  
  44  4:41  Pylon  
  44  4:46  Probe  
  44  4:47  Probe  
  46  4:59  Pylon  
  46  5:03  Stalker  
  46  5:04  Stalker  
  46  5:07  Immortal (Chrono Boost)  
  54  5:25  Gateway x2  
  54  5:30  Probe x2  
  54  5:34  Assimilator  
  56  5:40  Oracle (Chrono Boost)  
  59  5:47  Pylon  
  59  5:51  Immortal (Chrono Boost)  
  63  5:59  Probe x2  
  65  6:04  Pylon  
  65  6:11  Probe x2  
  67  6:22  Sentry  
  67  6:23  Sentry  
  67  6:24  Zealot x2  
  75  6:31  Probe x2  
  77  6:35  Assimilator  
  77  6:38  Void Ray, Shield Battery  
  74  6:51  Warp Prism (Chrono Boost)  
  81  6:54  Probe x2  
  81  7:00  Twilight Council, Forge  
  82  7:04  Gateway x2  
  82  7:08  Zealot x2  
  84  7:14  Pylon  
  86  7:22  Pylon  
  86  7:24  Pylon  
  86  7:29  Observer  
  86  7:34  Blink (Chrono Boost)  
  86  7:41  Stalker x3  
  86  7:43  Stalker  
  94  7:54  Probe  
  94  7:55  Probe  
  96  7:58  Pylon  
  96  8:03  Stargate  
  96  8:17  Stalker x2  
  96  8:18  Stalker x2  
  104  8:36  Stalker x2  
  92  9:05  Stalker x3  
  92  9:06  Stalker x3  
  98  9:29  Stalker  
  98  9:30  Stalker x5  
  98  9:52  Stalker  
  98  9:53  Stalker x5  
  100  10:08  Nexus  
  98  10:46  Adept x3  
  98  10:47  Adept x3  
Show
View Real Time Build Order
Export as new Build Order

backgh Protoss 

Build Orders:  

Get SALT Encoding   

  12  0:00  Probe  
  13  0:12  Probe  
  14  0:24  Pylon, Probe  
  15  0:42  Gateway, Probe  
  16  0:46  Assimilator  
  16  0:54  Probe  
  17  0:57  Assimilator  
  17  1:08  Probe (Chrono Boost)  
  18  1:16  Assimilator  
  19  1:18  Probe (Chrono Boost)  
  19  1:23  Probe (Chrono Boost)  
  20  1:34  Cybernetics Core  
  20  1:36  Pylon  
  20  1:45  Probe  
  21  1:57  Probe  
  22  2:07  Stalker (Chrono Boost)  
  22  2:09  Probe  
  22  2:11  Warp Gate  
  25  2:22  Probe  
  26  2:29  Nexus  
  26  2:31  Pylon  
  26  2:34  Stalker, Probe  
  29  2:40  Pylon  
  29  2:46  Probe  
  30  2:58  Probe  
  31  3:01  Robotics Facility  
  31  3:06  Twilight Council  
  31  3:23  Stalker  
  30  3:53  Stalker  
  36  4:04  Forge  
  36  4:07  Gateway  
  36  4:10  Stargate  
  36  4:12  Observer  
  36  4:15  Probe x2 (Chrono Boost)  
  35  4:23  Stalker  
  39  4:25  Probe x2 (Chrono Boost)  
  39  4:27  Stargate  
  39  4:30  Probe x2 (Chrono Boost)  
  39  4:36  Pylon  
  41  4:41  Probe  
  41  4:42  Probe  
  43  4:47  Charge  
  43  5:00  Probe x2  
  43  5:02  Assimilator  
  43  5:04  Assimilator  
  45  5:12  Probe  
  45  5:13  Probe  
  47  5:17  Pylon  
  47  5:18  Pylon  
  47  5:19  Zealot  
  49  5:25  Probe x2  
  51  5:37  Fleet Beacon, Probe x2  
  51  5:38  Photon Cannon  
  51  5:40  Protoss Shields Level 1 (Chrono Boost)  
  51  5:42  Photon Cannon  
  53  5:43  Protoss Air Weapons Level 1 (Chrono Boost)  
  53  5:49  Probe x2  
  55  5:56  Zealot  
  57  6:08  Probe  
  57  6:09  Probe  
  59  6:18  Shield Battery  
  59  6:23  Nexus  
  59  6:25  Pylon  
  59  6:27  Pylon  
  59  6:32  Tempest  
  64  6:52  Shield Battery  
  64  6:53  Shield Battery  
  64  6:54  Probe x2  
  66  7:02  Blink  
  66  7:03  Tempest  
  66  7:06  Probe x2  
  73  7:09  Stalker  
  75  7:17  Tempest  
  75  7:18  Probe  
  75  7:21  Probe  
  82  7:30  Probe  
  82  7:33  Probe  
  84  7:42  Probe  
  85  7:45  Probe  
  85  7:49  Tempest  
  91  7:53  Probe  
  91  7:54  Probe  
  91  7:57  Assimilator, Probe  
  94  8:00  Assimilator  
  94  8:03  Shield Battery  
  94  8:05  Probe  
  94  8:12  Nexus  
  95  8:14  Pylon  
  95  8:15  Pylon  
  95  8:19  Tempest  
  74  9:10  Stalker  
  61  9:33  Stalker  
  49  9:53  Probe  
  45  10:05  Probe  
  29  10:15  Gateway  
  29  10:17  Probe  
  29  10:21  Pylon  
  29  10:22  Pylon  
  29  10:30  Probe  
  30  10:42  Probe  
  31  10:48  Pylon  
Tags
 
Add a new tag
Caveats
  • Supply blocks, unpowered buildings, or Contaminate may cause inaccurate times.
  • Supply counts are checked every 10 seconds.